 Dungeon Crawl Stone Soup version 0.19.4-8-ga85b6b9 (webtiles) character file.

112 Gargoyl the Skirmisher (level 4, 0/40 HPs)
             Began as a Ghoul Abyssal Knight on Feb 9, 2017.
             Was a Believer of Lugonu.
             Slain by Sigmund
             ... wielding a +0 scythe
              (14 damage)
             ... on level 3 of the Dungeon.
             The game lasted 00:09:21 (2690 turns).

Gargoyl the Skirmisher (Ghoul Abyssal Knight)       Turns: 2690, Time: 00:09:21

Health: 0/40       AC:  3    Str: 15    XL:     4   Next: 93%
Magic:  4/4        EV: 11    Int:  7    God:    Lugonu [**....]
Gold:   85         SH:  0    Dex:  9    Spells: 0 memorised, 3 levels left

rFire  . . .     SeeInvis +     g - +0 war axe
rCold  + . .     Gourm    .     b - +0 leather armour
rNeg   + + +     Faith    .     (no shield)
rPois  ∞         Spirit   .     (no helmet)
rElec  .         Reflect  .     (no cloak)
rCorr  .         Harm     .     (no gloves)
MR     .....                    (no boots)
Stlth  +.........               (no amulet)
                                (no ring)
                                d - ring of see invisible

@: rotting
A: rotting body, claws 1, carnivore 3, cold resistance 1, negative energy
resistance 3, slow regeneration 1, torment resistance, unbreathing
a: Depart the Abyss, Bend Space, Renounce Religion


You were on level 3 of the Dungeon.
You worshipped Lugonu.
Lugonu was pleased with you.
You were not hungry.

You visited 1 branch of the dungeon, and saw 3 of its levels.
You visited the Abyss 1 time.

You collected 85 gold pieces.

Inventory:

Hand Weapons
 a - a +1 hand axe
 g - a +0 war axe (weapon)
Armour
 b - a +0 leather armour (worn)
Jewellery
 d - a ring of see invisible (left claw)
 t - an uncursed ring of magical power {unknown}
Scrolls
 i - a scroll of enchant weapon {unknown}
 k - a scroll of remove curse
 n - a scroll of recharging {unknown}
 p - a scroll of fog {unknown}
 q - a scroll of magic mapping {unknown}
 r - a scroll of blinking {unknown}
 s - a scroll of teleportation {unknown}
 u - 3 scrolls of identify
 w - a scroll of immolation {unknown}
Potions
 e - a potion of might {unknown}
 j - a potion of cure mutation {unknown}
 l - a potion of magic {unknown}
 m - a potion of brilliance {unknown}
 o - a potion of beneficial mutation {unknown}
 v - a potion of ambrosia {unknown}
 z - a potion of degeneration {unknown}
Books
 y - Vehumet's Papyrus of Arcane Weapons
   (You found it on level 2 of the Dungeon)

   Spells                             Type                      Level
   a - Magic Dart                     Conjuration                  1
Comestibles
 c - a meat ration
 h - a beef jerky
 x - 2 chunks of flesh


   Skills:
 + Level 4.0 Fighting
 + Level 2.8 Axes
 * Level 2.6 Armour
 + Level 1.6 Dodging
 * Level 2.4 Invocations


You had 3 spell levels left.
You didn't know any spells.

Dungeon Overview and Level Annotations

Branches:
Dungeon (3/15)

Altars:
Kikubaaqudgha
Qazlal
Sif Muna
Vehumet

Annotations:
D:3 Sigmund


Innate Abilities, Weirdness & Mutations

Your body is rotting away.
You thrive on raw meat.
You are immune to poison.
You have sharp fingernails.
You are carnivorous and can eat meat at any time.
Your flesh is cold resistant. (rC+)
You are immune to negative energy. (rN+++)
You regenerate slowly when monsters are visible.
You are immune to unholy pain and torment.
You can survive without breathing.


Message History

You closely miss Sigmund.
Sigmund is heavily wounded.
Sigmund barely misses you.
You bump into the rock wall.
Sigmund hits you with a scythe!
You bump into the rock wall.
You bump into the rock wall.
Sigmund barely misses you.
You miss Sigmund.
Sigmund is heavily wounded.
Sigmund hits you but does no damage.
It was a potion of curing.
You feel better. Sigmund hits you with a scythe!
You barely miss Sigmund.
Sigmund is heavily wounded.
You feel better. Sigmund barely misses you.
You slash Sigmund!
Sigmund is severely wounded.
Sigmund hits you with a scythe.
You barely miss Sigmund.
Sigmund is severely wounded.
Sigmund hits you with a scythe!
You die...

### #<#
#.# #.#
#.# #.#
#.# #.#
#.# #.#
#.# #.#
#.# #.#
#@# #.#
#@# #.#
#.# #.#
#.# #.#
#.# #.#
#.#
#.####.#
#......#
######.#
###


You could see Sigmund.

Vanquished Creatures
  5 adders (D:2)
  2 leopard geckos (D:1)
  4 giant cockroaches
  6 goblins
  8 hobgoblins
  6 jackals
  A ball python (D:1)
  15 bats
  5 frilled lizards
  3 kobolds
  6 rats
61 creatures vanquished.

Notes
Turn   | Place    | Note
-------+----------+-------------------------------------------
     0 | Abyss:1  | Gargoyl the Ghoul Abyssal Knight began the quest for the Orb.
     0 | Abyss:1  | Reached XP level 1. HP: 19/19 MP: 1/1
     9 | Abyss:1  | Found a sparkling altar of Nemelex Xobeh.
   149 | Abyss:2  | Noticed a wretched star
   149 | D:1      | Escaped the Abyss
   288 | D:1      | Reached skill level 1 in Dodging
   290 | D:1      | Reached XP level 2. HP: 10/26 MP: 2/2
   389 | D:1      | Reached * piety under Lugonu
   811 | D:1      | Reached XP level 3. HP: 17/33 MP: 3/3
  1556 | D:2      | Reached XP level 4. HP: 3/40 MP: 4/4
  1848 | D:2      | Found a stormy altar of Qazlal.
  2187 | D:2      | Reached ** piety under Lugonu
  2411 | D:2      | Reached skill level 4 in Fighting
  2566 | D:2      | Found an ancient bone altar of Kikubaaqudgha.
  2570 | D:2      | Found a deep blue altar of Sif Muna.
  2572 | D:2      | Found a radiant altar of Vehumet.
  2576 | D:2      | Identified Vehumet's Papyrus of Arcane Weapons
  2668 | D:3      | Noticed Sigmund
  2690 | D:3      | Slain by Sigmund

Skill      XL: |  1  2  3  4 |
---------------+-------------+-----
Dodging        | 1 |  1.6
Armour         | 2 |  2.6
Axes           | 2 |  2.8
Fighting       | 4 |  4.0
Invocations    | |  2.4

Action                   |  1- 3 |  4- 6 || total
-------------------------+-------+-------++-------
Melee: War axe           |   153 |   114 ||   267
Invok: Depart the Abyss  |     1 |       ||     1
  Use: Scroll            |     1 |     3 ||     4
       Potion            |       |     2 ||     2
  Eat: Chunk             |    20 |    17 ||    37
Armor: Leather armour    |    81 |    47 ||   128
Dodge: Dodged            |   159 |    85 ||   244
